cohdb
Replays
Latest Replays
All Replays
Popular Replays
Top Player Replays
Match Explorer
How It Works
Community
CoH3 Stats
Reddit
Sign in to upload your games and track your stats! →
Sign in with Steam
Match 42869282
Unlisted
Match 42869282
Overview
Messages
Build Orders
End
Construct Barracks
Selects Armored Battlegroup
Riflemen Squad
Riflemen Squad
Riflemen Squad
Construct Weapon Support Center
Riflemen Squad
Construct Medical Station
Grenade Package
Mechanized Support Center
Selects Veteran Crews
Selects Strength in Steel
M1 Mortar Team
Selects M31 Recovery Vehicle
M3 Armored Personnel Carrier
Construct Tank Depot
Riflemen Squad
M3 Armored Personnel Carrier
Devilmaki
FoxWay
BUBBA_ACTUAL
JollyRedRockett
0
0
Comments
sign in to comment!
No comments posted yet!